 Dungeon Crawl Stone Soup version 0.20-a0-903-g7e3609c (webtiles) character file.

4 Denreik the Skirmisher (level 1, -3/18 HPs)
             Began as a Formicid Abyssal Knight on Mar 21, 2017.
             Was a Follower of Lugonu.
             Slain by an ogre
             ... wielding a +0 giant spiked club
              (12 damage)
             ... on level 4 of the Dungeon.
             The game lasted 00:03:01 (420 turns).

Denreik the Skirmisher (Formicid Abyssal Knight)     Turns: 420, Time: 00:03:01

Health: -3/18      AC:  3    Str: 16    XL:     1   Next: 66%
Magic:  2/2        EV: 11    Int: 11    God:    Lugonu [*.....]
Gold:   25         SH:  0    Dex: 10    Spells: 0/0 levels left

rFire    + . .     SeeInvis +   a - +1 spear
rCold    + . .     Gourm    .   b - +0 leather armour
rNeg     . . .     Faith    .   (no shield)
rPois    +         Spirit   .   (helmet unavailable)
rElec    +         Reflect  .   (no cloak)
rCorr    +         Harm     .   (no gloves)
MR       .....                  (no boots)
Stlth    +.........             (no amulet)
Regen    0.1/turn               (no ring)
MPRegen  0.1/turn               (no ring)

@: resistant
A: permanent stasis, dig shafts and tunnels, four strong arms, antennae 3
a: Dig, Shaft Self, Depart the Abyss, Renounce Religion


You were on level 4 of the Dungeon.
You worshipped Lugonu.
Lugonu was aware of your devotion.
You were not hungry.

You visited 1 branch of the dungeon, and saw 3 of its levels.
You visited the Abyss 1 time.

You collected 25 gold pieces.

Inventory:

Hand Weapons
 a - a +1 spear (weapon)
 j - a +0 dagger of venom
Armour
 b - a +0 leather armour (worn)
Scrolls
 e - a scroll of noise {unknown}
 g - a scroll of identify {unknown}
 i - a scroll of blinking {unknown}
Comestibles
 c - a bread ration
 d - a meat ration
 f - a royal jelly


   Skills:
 - Level 3.2 Fighting
 - Level 2.0 Polearms
 - Level 2.1 Armour
 * Level 1.1 Dodging
 * Level 1.1 Stealth
 - Level 2.1 Invocations


You couldn't memorise any spells.
You didn't know any spells.

Dungeon Overview and Level Annotations

Branches:
Dungeon (2/15)

Altars:


Innate Abilities, Weirdness & Mutations

You cannot be hasted, slowed, berserked, paralysed or teleported.
You can dig through walls and to a lower floor.
Your four strong arms can wield two-handed weapons with a shield.
You have a pair of large antennae on your head. (SInv)


Message History

Press: ? - help, Dir - move target cursor, f - ogre
Aim: an ogre, wielding a giant spiked club You reach to attack!
You hit the ogre.
The ogre is lightly wounded.
You hit the ogre.
The ogre is moderately wounded.
The ogre misses you.
You hit the ogre but do no damage.
The ogre is moderately wounded.
The ogre hits you with a giant spiked club!
Ouch! That really hurt!
You are too injured to fight recklessly!
You are too injured to fight recklessly!
You are too injured to fight recklessly!
You are too injured to fight recklessly!
You hit the ogre.
The ogre is heavily wounded.
The ogre hits you with a giant spiked club!
Ouch! That really hurt!
You die...

################
................
................
................
.......O........
.......S@......?
................
+#..............
#..............
#..........####
#..........#
#....).....#
#..........#


You could see an ogre and an adder.

Vanquished Creatures
  A giant cockroach (D:1)
  A goblin (D:2)
  A kobold (D:1)
  A rat (D:1)
4 creatures vanquished.

Vanquished Creatures (others)
  4 starspawn tentacles (Abyss:1)
4 creatures vanquished.

Grand Total: 8 creatures vanquished

Notes
Turn   | Place    | Note
-------+----------+-------------------------------------------
     0 | Abyss:1  | Denreik the Formicid Abyssal Knight began the quest for the Orb.
     0 | Abyss:1  | Reached XP level 1. HP: 18/18 MP: 2/2
    22 | Abyss:1  | Found a corrupted altar of Lugonu.
    42 | Abyss:1  | Noticed a starcursed mass
   167 | Abyss:1  | Noticed a hungry ghost
   168 | Abyss:1  | Noticed a thrashing horror
   180 | Abyss:1  | Noticed an efreet
   182 | Abyss:1  | Noticed a bone dragon
   182 | Abyss:1  | Noticed a tentacled starspawn
   195 | Abyss:1  | Noticed a large abomination
   198 | Abyss:1  | Noticed a thrashing horror
   200 | D:1      | Escaped the Abyss
   236 | D:1      | Reached skill level 1 in Dodging
   237 | D:1      | Reached * piety under Lugonu
   237 | D:1      | Reached skill level 1 in Stealth
   413 | D:2      | You fall through a shaft for 2 floors!
   413 | D:4      | Noticed an ogre
   420 | D:4      | Slain by an ogre

Vault maps used:
D:1:      saegor_arrival_simple_a
D:2:      kennysheep_generic_room_4
D:4:      minitemple, grunt_dithmenos_smoke, temple_green, serial_bayou_lagoon_a

Skill      XL: |  1 |
---------------+----+-----
Dodging        | 1 |  1.1
Stealth        | 1 |  1.1
Fighting       | |  3.2
Polearms       | |  2.0
Armour         | |  2.1
Invocations    | |  2.1

Action                   || total
-------------------------++-------
Melee: Spear             ||    14
Invok: Depart the Abyss  ||     1
 Abil: Dig               ||     5
       Shaft Self        ||     1
  Use: Potion            ||     2
 Stab: Sleeping          ||     1
Armor: Leather armour    ||     3
Dodge: Dodged            ||     3
